 Dungeon Crawl Stone Soup version 0.27.1-4-g1640c2035a (webtiles) character file.

Game seed: 1316167671649545309

64 tizbic2 the Shield-Bearer (level 4, 0/35 HPs)
             Began as a Djinni Fighter on Nov 13, 2021.
             Slain by a gnoll (10 damage)
             ... on level 2 of the Dungeon.
             The game lasted 00:06:20 (1205 turns).

tizbic2 the Shield-Bearer (Djinni Fighter)          Turns: 1205, Time: 00:06:21

Health: 0/35       AC:  7    Str: 16    XL:     4   Next: 32%
Gold:   32         EV:  7    Int:  9    God:
                   SH:  9    Dex: 13

rFire    + + .     SeeInvis .   h - +2 dagger (flame)
rCold    . . .     Faith    .   c - +0 kite shield
rNeg     . . .     Spirit   .   i - +0 scale mail
rPois    ∞         Reflect  .   b - +1 hat
rElec    .         Harm     .   (no cloak)
rCorr    .         Rampage  .   (no gloves)
Will     .....                  (boots unavailable)
Stlth    ..........             (no amulet)
HPRegen  0.11/turn              g - ring of protection from cold
MPRegen  0.00/turn              (no ring)

@: flying
A: sickness immunity, fire resistance 2, cold vulnerability 1, float, innate
caster, hp casting, extra vitality 1
a: no special abilities


You were on level 2 of the Dungeon.
You visited 1 branch of the dungeon, and saw 3 of its levels.

You collected 32 gold pieces.

Inventory:

Hand Weapons
 a - a +0 long sword
 h - a +2 dagger of flaming (weapon)
Missiles
 k - 5 boomerangs (quivered)
 l - 48 arrows
Armour
 b - a +1 hat (worn)
 c - a +0 kite shield (worn)
 i - a +0 scale mail (worn)
Jewellery
 g - a ring of protection from cold (left hand)
Potions
 d - a potion of might
 e - a potion of curing {unknown}
 f - a potion of lignification
 j - a potion of invisibility {unknown}


   Skills:
 + Level 3.1 Fighting
 + Level 2.1 Long Blades
 * Level 3.5 Armour
 + Level 0.2 Dodging
 * Level 3.8 Shields
 * Level 0.7 Spellcasting


You had 3 spell levels left.
You knew the following spells:

 Your Spells              Type           Power      Damage    Failure   Level
a - Summon Small Mammal   Summ           4%         N/A       99%         1
Your spell library was empty.

Dungeon Overview and Level Annotations

Branches:
Dungeon (3/15)

Altars:


Innate Abilities, Weirdness & Mutations

You are immune to sickness and miasma.
You are immune to poison.
Your flesh is very heat resistant. (rF++)
You are vulnerable to cold. (rC-)
You float through the air rather than walking.
You learn spells naturally, not from books.
Your magical power is your life essence.
You have superior vitality. (+4 HP)


Message History

You hit the gnoll. You burn the gnoll.
You kill the gnoll!
You see here a +0 flail.
Casting: Summon Small Mammal (safe; 99% risk of failure)
Confirm with . or Enter, or press ? or * to list all spells.
Okay, then.
There is a stone staircase leading up here.
Things that are here:
a +0 club; a gnoll corpse You start resting.
HP restored.
There is a stone staircase leading up here.
You fly upwards.
The ball python barely misses you.
You block the ball python's attack. x2; The ball python barely misses you.
There is a stone staircase leading down here.
You block the ball python's attack. The ball python grabs you.
You stop descending the stairs.
The ball python constricts you.
You hit the ball python. You burn the ball python.
You kill the ball python!
You block the giant cockroach's attack. The gnoll completely misses you.
You barely miss the giant cockroach.
The giant cockroach bites you but does no damage.
The gnoll closely misses you.
You hit the giant cockroach but do no damage.
The giant cockroach bites you but does no damage.
The gnoll barely misses you. You block the giant cockroach's attack.
You closely miss the giant cockroach. You block the gnoll's attack.
The giant cockroach bites you.
You hit the giant cockroach. You burn the giant cockroach.
You kill the giant cockroach!
The gnoll hits you from afar with a +0 halberd.
You hit the gnoll. You burn the gnoll.
The gnoll is lightly wounded.
The gnoll hits you from afar with a +0 halberd!
You block the gnoll's attack.
The gnoll hits you from afar with a +0 halberd!
The gnoll hits you with a +0 whip.
* * * LOW HITPOINT WARNING * * *
The gnoll hits you from afar with a +0 halberd!
You die...

######### #.......#
# #@####.# #.
##g.##.# ..#.g>...#
#.##.#..# #######
#.......#####......
.....##..........<#
#..# #.#.###.#...#
... #.#.# #.#....#
#. ....# #.##...#


You could see 2 gnolls.

Vanquished Creatures
  2 gnolls (D:3)
  8 ball pythons
  4 endoplasms (D:1)
  A giant cockroach (D:2)
  6 hobgoblins
  4 jackals (D:1)
  3 quokkas
  2 bats (D:1)
  A frilled lizard (D:1)
  5 goblins (D:1)
  A kobold (D:1)
  5 rats (D:1)
42 creatures vanquished.

Notes
Turn   | Place    | Note
-------+----------+-------------------------------------------
     0 | D:1      | tizbic2 the Djinni Fighter began the quest for the Orb.
     0 | D:1      | Reached XP level 1. HP: 20/20 MP: 0/0
   147 | D:1      | Reached XP level 2. HP: 24/25 MP: 0/0
   257 | D:1      | Reached XP level 3. HP: 26/30 MP: 0/0
   257 | D:1      | Learned a level 1 spell: Summon Small Mammal
   929 | D:3      | Reached XP level 4. HP: 30/35 MP: 0/0
  1205 | D:2      | Slain by a gnoll

Illustrated notes

Levels and vault maps discovered:
D:1:      minmay_arrival_four_houses, layout_basic, minmay_vboxes
D:2:      layout_loops_cross, dreamdust_ecumenical_altar_sealed_demon,
          serial_shops, nicolae_shop_trees, uniq_crazy_yiuf_cottage
D:3:      layout_basic, amcnicky_altar_gilded,
          nicolae_wu_jian_immortal_techniques, minmay_crystal_room,
          minmay_fractal_squares_gapless_5

Skill      XL: |  1  2  3 |
---------------+----------+-----
Long Blades    | 2 |  2.1
Fighting       | |  3.1
Armour         | |  3.5
Dodging        | |  0.2
Shields        | |  3.8
Spellcasting   | |  0.7

Action                   |  1- 3 |  4- 6 || total
-------------------------+-------+-------++-------
Melee: Long sword        |    42 |       ||    42
       Dagger            |    75 |    14 ||    89
  Use: Scroll            |     1 |       ||     1
Armor: Scale mail        |    61 |     4 ||    65
Dodge: Dodged            |    52 |     8 ||    60
Block: Kite shield       |    81 |    12 ||    93
       Rpst.: Long sword |     6 |       ||     6
